Stars vs Red Wings

Created - 5 avril 2018 at 07:59

Goals
1 2 3 OT1 T
Stars 1 0 0 1 2
Red Wings 1 0 0 0 1
Shots
1 2 3 OT1 T
Stars 11 3 10 2 26
Red Wings 12 11 7 0 30

1st period

1. Stars , Mikko Rantanen 21 (Alexander Radulov 32, Patrick Wiercioch 11) at 12:17
2. Red Wings , Nick Bonino 15 (Connor Murphy 15) at 18:18 (SH)

Penalties :
Cedric Paquette (DET) for Hooking (Minor) at 1:17, Connor Murphy (DET) for Roughing (Minor) at 9:06, Dion Phaneuf (DET) for Holding (Minor) at 14:47, Dion Phaneuf (DET) for Close Hand On Puck (Minor) at 18:05

2nd period

No Goal

Penalties :
No Penalty

3rd period

No Goal

Penalties :
Rick Nash (DAL) for High sticking (Minor) at 3:46, Connor Brickley (DAL) for Hooking (Minor) at 6:30, Dion Phaneuf (DET) for Slashing (Double Minor) at 16:18

Overtime #1

3. Stars , Richard Panik 12 (Alexander Radulov 33, John Klingberg 33) at 4:19

Penalties :
No Penalty

Goalie Stats

Jimmy Howard (DAL), 29 saves from 30 shots - (0,967), W, 27-26-6, 64:19 minutes
James Reimer (DET), 24 saves from 26 shots - (0,923), OTL, 29-23-6, 64:19 minutes

Players Stats for Stars

Player Name              G  A  P  +/- PIM S  H  SB GA TA FO     MP     PP MP  PK MP  
------------------------------------------------------------------------------------
Adam Henrique            0  0  0   0  0   1  1  1  2  0  6/11   18:01   5:00   0:00 
Adam Pelech              0  0  0   0  0   1  1  0  0  3  0/0    16:37   0:15   0:00 
Alexander Radulov        0  2  2   1  0   4  6  2  0  1  0/2    21:48   6:33   0:00 
Brian Gionta             0  0  0   0  0   1  4  1  0  0  0/1    19:46   5:00   1:47 
Bryan Rust               0  0  0   0  0   0  1  2  0  0  0/0     9:51   0:04   2:04 
Connor Brickley          0  0  0   0  2   1  3  0  0  0  0/1    11:08   0:00   0:00 
Daniel Winnik            0  0  0   0  0   1  0  0  0  0  0/0     9:42   0:04   1:47 
Greg Pateryn             0  0  0   0  0   2  0  2  0  1  0/0    18:18   5:02   0:00 
J.T. Compher             0  0  0   0  0   1  1  0  0  0  0/1    11:24   0:04   0:07 
Jay Beagle               0  0  0   0  0   0  4  0  0  1  5/8    12:24   0:00   2:04 
Joe Thornton             0  0  0   0  0   2  0  0  0  1  12/26  22:51   6:33   0:07 
John Klingberg           0  1  1   0  0   3  0  2  1  0  0/0    28:25   6:35   2:54 
Kevin Bieksa             0  0  0   0  0   2  5  2  0  0  0/0    24:09   4:31   2:54 
Mikko Rantanen           1  0  1   0  0   1  2  0  0  0  2/2    21:01   6:33   0:00 
Patrick Wiercioch        0  1  1   1  0   0  0  1  0  0  0/0    15:26   0:00   1:04 
Richard Panik            1  0  1   1  0   2  0  0  1  0  0/0     8:48   0:00   0:00 
Rick Nash                0  0  0   0  2   3  0  0  0  0  0/0    17:54   5:00   0:00 
Stephen Johns            0  0  0   0  0   1  0  0  0  0  0/0    21:38   6:51   1:04 

Players Stats for Red Wings

Player Name              G  A  P  +/- PIM S  H  SB GA TA FO     MP     PP MP  PK MP  
------------------------------------------------------------------------------------
Ben Hutton               0  0  0  -1  0   2  1  3  0  1  0/0    20:19   1:24   3:46 
Brandon Dubinsky         0  0  0   0  0   0  2  0  0  0  8/13   18:24   1:52   4:21 
Cedric Paquette          0  0  0   0  2   4  1  0  1  0  0/1    16:05   0:00   5:29 
Christian Djoos          0  0  0   0  0   3  0  2  0  0  0/0    22:06   0:00   6:46 
Connor Murphy            0  1  1   1  2   0  0  1  1  0  0/0    24:20   0:00   6:27 
David Pastrnak           0  0  0  -1  0   6  0  0  1  1  0/1    18:02   2:01   1:10 
Dion Phaneuf             0  0  0   0  8   3  3  3  1  0  0/0    22:18   2:34   1:27 
Dylan DeMelo             0  0  0   0  0   0  1  0  0  0  0/0    19:48   1:24   4:10 
Jake DeBrusk             0  0  0   0  0   0  0  0  0  0  0/0    12:43   1:52   0:00 
Jesse Puljujarvi         0  0  0  -1  0   0  0  0  0  0  0/0     9:31   0:05   0:00 
John Carlson             0  0  0  -1  0   2  1  3  0  1  0/0    17:44   2:34   1:14 
John Tavares             0  0  0  -1  0   1  1  1  0  0  8/18   16:05   2:06   0:37 
Joseph Blandisi          0  0  0   0  0   0  0  1  0  0  0/0    10:32   0:00   0:00 
Lukas Sedlak             0  0  0   0  0   0  1  1  0  0  1/2     8:06   0:00   0:00 
Matt Nieto               0  0  0   0  0   1  1  1  2  0  0/0    14:43   0:05   3:29 
Nick Bonino              1  0  1   1  0   6  0  1  1  1  8/14   19:07   0:00   6:46 
Oscar Lindberg           0  0  0   0  0   0  0  0  0  0  1/1     2:13   0:00   1:40 
Sam Gagner               0  0  0   0  0   0  0  0  0  0  0/0    13:38   1:52   0:00 
Tomas Tatar              0  0  0  -1  0   2  3  0  0  0  1/2    16:14   2:01   0:00 

3 Stars

1 - Alexander Radulov (DAL)
2 - Jimmy Howard (DAL)
3 - Richard Panik (DAL)

Power Play

Stars - 0 on 6 Attempt(s) - 0,00%
Red Wings - 0 on 2 Attempt(s) - 0,00%

Penalty Kill

Stars - 2 on 2 Attempt(s) - 100,00% - Score 0 goal in Penalty Kill
Red Wings - 6 on 6 Attempt(s) - 100,00% - Score 1 goal in Penalty Kill

Team Stat

Stars - Hits : 28 - Faceoff Wins : 25 - Blocked Shots : 13 - Penalty Minutes : 4
Red Wings - Hits : 15 - Faceoff Wins : 27 - Blocked Shots : 17 - Penalty Minutes : 12

Official

Referees : Chris Lee and Dave Jackson
Linesman : Ryan Galloway and Devin Berg

Game Notes

No Game Note

Finance

Level 1 -- Attendance: 4831 (80,52%) -- Ticket Income 483 100 $
Level 2 -- Attendance: 4368 (87,36%) -- Ticket Income 262 080 $
Level 3 -- Attendance: 1786 (89,30%) -- Ticket Income 62 510 $
Level 4 -- Attendance: 3735 (93,38%) -- Ticket Income 74 700 $
Luxury Box -- Attendance: 697 (69,70%) -- Ticket Income 139 400 $
Game was played at the Octopus Arena.
Total Attendance: 15417 (85,65%)
Total Ticket Income: 1 021 790 $
Other Income: 500 677 $
Total Income: 1 522 467 $

Stars

5 vs 5 Forward 
   Center                   Left Wing                Right Wing               Time % Phy DF OF 
 1 Joe Thornton             Mikko Rantanen           Alexander Radulov        33     0   3  2  
 2 Adam Henrique            Rick Nash                Brian Gionta             27     0   4  1  
 3 Jay Beagle               J.T. Compher             Connor Brickley          25     0   4  1  
 4 Daniel Winnik            Bryan Rust               Richard Panik            15     0   5  0  

5 vs 5 Defense 
   Defense                  Defense                                           Time % Phy DF OF 
 1 John Klingberg           Kevin Bieksa                                      40     0   3  2  
 2 Greg Pateryn             Adam Pelech                                       30     0   4  1  
 3 Stephen Johns            Patrick Wiercioch                                 20     0   4  1  
 4 Adam Pelech              Patrick Wiercioch                                 10     0   5  0  

PowerPlay Forward 
   Center                   Left Wing                Right Wing               Time % Phy DF OF 
 1 Joe Thornton             Mikko Rantanen           Alexander Radulov        60     0   1  4  
 2 Adam Henrique            Rick Nash                Brian Gionta             40     0   1  4  

PowerPlay Defense
   Defense                  Defense                                           Time % Phy DF OF 
 1 Stephen Johns            John Klingberg                                    60     0   2  3  
 2 Greg Pateryn             Kevin Bieksa                                      40     0   3  2  

Penalty Kill 4 Players Forward 
   Center                   Wing                     Time % Phy DF OF 
 1 Jay Beagle               Bryan Rust               55     0   5  0  
 2 Daniel Winnik            Brian Gionta             45     0   5  0  

Penalty Kill 4 Players Defense
   Defense                  Defense                  Time % Phy DF OF 
 1 John Klingberg           Kevin Bieksa             60     0   5  0  
 2 Stephen Johns            Patrick Wiercioch        40     0   5  0  

Penalty Kill - 3 Players Forward 
   Forward                                           Time % Phy DF OF 
 1 Jay Beagle                                        60     0   5  0  
 2 Alexander Radulov                                 40     0   5  0  

Penalty Kill - 3 Players Defense
   Defense                  Defense                  Time % Phy DF OF 
 1 Patrick Wiercioch        Stephen Johns            60     0   5  0  
 2 Kevin Bieksa             Adam Pelech              40     0   5  0  

4 vs 4 Forward 
   Center                   Wing                     Time % Phy DF OF 
 1 Joe Thornton             Alexander Radulov        60     0   4  1  
 2 Mikko Rantanen           Brian Gionta             40     0   4  1  

4 vs 4 Defense
   Defense                  Defense                  Time % Phy DF OF 
 1 John Klingberg           Kevin Bieksa             60     0   5  0  
 2 Stephen Johns            Adam Pelech              40     0   5  0  

Last Minutes Offensive
   Center                   Left Wing                Right Wing               Defense                  Defense                  
   Joe Thornton             Rick Nash                Alexander Radulov        John Klingberg           Stephen Johns            

Last Minutes Defensive
   Center                   Left Wing                Right Wing               Defense                  Defense                  
   Jay Beagle               Brian Gionta             Alexander Radulov        John Klingberg           Kevin Bieksa             

Goaltenders
Starting : Jimmy Howard             
Backup : Jhonas Enroth            

Extra Forwards
Normal : Mikko Rantanen, Rick Nash, Daniel Winnik - PP : Mikko Rantanen, J.T. Compher - PK : Daniel Winnik
Extra Defensemen
Normal : Greg Pateryn, Kevin Bieksa, Stephen Johns - PP : Greg Pateryn - PK : Kevin Bieksa, Stephen Johns
Penalty Shots
Joe Thornton, Adam Henrique, Alexander Radulov, Brian Gionta, Jay Beagle
Custom OT Lines Forwards
Joe Thornton, Adam Henrique, Alexander Radulov, Brian Gionta, Rick Nash, Richard Panik, Mikko Rantanen, J.T. Compher, Connor Brickley, Bryan Rust
Custom OT Lines Defensemen
John Klingberg, Stephen Johns, Kevin Bieksa, Adam Pelech, Patrick Wiercioch

Scratches
Brandon Pirri (Healthy)

Red Wings

5 vs 5 Forward 
   Center                   Left Wing                Right Wing               Time % Phy DF OF 
 1 John Tavares             Tomas Tatar              David Pastrnak           42     1   2  2  
 2 Brandon Dubinsky         Jake DeBrusk             Sam Gagner               32     1   2  2  
 3 Nick Bonino              Matt Nieto               Joseph Blandisi          18     1   2  2  
 4 Lukas Sedlak             Cedric Paquette          Jesse Puljujarvi         8      2   2  1  

5 vs 5 Defense 
   Defense                  Defense                                           Time % Phy DF OF 
 1 Connor Murphy            Dion Phaneuf                                      40     2   2  1  
 2 Ben Hutton               John Carlson                                      30     2   2  1  
 3 Christian Djoos          Dylan DeMelo                                      20     2   2  1  
 4 Connor Murphy            Dion Phaneuf                                      10     1   2  2  

PowerPlay Forward 
   Center                   Left Wing                Right Wing               Time % Phy DF OF 
 1 John Tavares             David Pastrnak           Tomas Tatar              60     1   1  3  
 2 Brandon Dubinsky         Jake DeBrusk             Sam Gagner               40     1   1  3  

PowerPlay Defense
   Defense                  Defense                                           Time % Phy DF OF 
 1 Dion Phaneuf             John Carlson                                      60     1   1  3  
 2 Dylan DeMelo             Ben Hutton                                        40     1   1  3  

Penalty Kill 4 Players Forward 
   Center                   Wing                     Time % Phy DF OF 
 1 Nick Bonino              Cedric Paquette          60     1   3  1  
 2 Brandon Dubinsky         Matt Nieto               40     1   3  1  

Penalty Kill 4 Players Defense
   Defense                  Defense                  Time % Phy DF OF 
 1 Connor Murphy            Christian Djoos          60     1   3  1  
 2 Dion Phaneuf             Dylan DeMelo             40     1   3  1  

Penalty Kill - 3 Players Forward 
   Forward                                           Time % Phy DF OF 
 1 Nick Bonino                                       60     1   4  0  
 2 Brandon Dubinsky                                  40     1   4  0  

Penalty Kill - 3 Players Defense
   Defense                  Defense                  Time % Phy DF OF 
 1 Connor Murphy            Christian Djoos          60     1   4  0  
 2 Dylan DeMelo             Dion Phaneuf             40     1   4  0  

4 vs 4 Forward 
   Center                   Wing                     Time % Phy DF OF 
 1 John Tavares             David Pastrnak           60     1   2  2  
 2 Nick Bonino              Tomas Tatar              40     1   2  2  

4 vs 4 Defense
   Defense                  Defense                  Time % Phy DF OF 
 1 Dion Phaneuf             Ben Hutton               60     1   2  2  
 2 Christian Djoos          Connor Murphy            40     1   2  2  

Last Minutes Offensive
   Center                   Left Wing                Right Wing               Defense                  Defense                  
   John Tavares             David Pastrnak           Tomas Tatar              Dion Phaneuf             John Carlson             

Last Minutes Defensive
   Center                   Left Wing                Right Wing               Defense                  Defense                  
   Nick Bonino              Brandon Dubinsky         Matt Nieto               Dion Phaneuf             John Carlson             

Goaltenders
Starting : James Reimer             
Backup : Anders Nilsson           

Extra Forwards
Normal : Sam Gagner, Lukas Sedlak, Oscar Lindberg - PP : Sam Gagner, David Pastrnak - PK : Oscar Lindberg
Extra Defensemen
Normal : Connor Murphy, Christian Djoos, Ben Hutton - PP : Connor Murphy - PK : Connor Murphy, Ben Hutton
Penalty Shots
Nick Bonino, Matt Nieto, David Pastrnak, Tomas Tatar, Sam Gagner
Custom OT Lines Forwards
Brandon Dubinsky, David Pastrnak, Jesse Puljujarvi, Cedric Paquette, Sam Gagner, Tomas Tatar, Nick Bonino, Matt Nieto, Joseph Blandisi, Jake DeBrusk
Custom OT Lines Defensemen
Ben Hutton, Dion Phaneuf, Dylan DeMelo, Connor Murphy, Christian Djoos

Scratches
Bryce Van Brabant (Healthy), Mark Scheifele (Healthy), Michael Zalewski (Healthy), Ryan Johnston (Healthy)

% Time on Ice - Stars

Lines # - Real PCT - Wanted PCT - Time Play
Normal Forward
1 - 33% - 33% - 14:37
2 - 26% - 27% - 11:35
3 - 24% - 25% - 10:30
4 - 17% - 15% - 7:43
Normal Defense
1 - 38% - 40% - 16:53
2 - 32% - 30% - 14:19
3 - 22% - 20% - 9:43
4 - 8% - 10% - 3:30
PP Forward
1 - 57% - 60% - 6:37
2 - 43% - 40% - 5:00
PP Defense
1 - 59% - 60% - 6:51
2 - 41% - 40% - 4:46
PK Forward
1 - 58% - 55% - 2:18
2 - 42% - 45% - 1:40
PK Defense
1 - 73% - 60% - 2:54
2 - 27% - 40% - 1:04
PK3 Forward
1 - 0% - 60%
2 - 0% - 40%
PK3 Defense
1 - 0% - 60%
2 - 0% - 40%
44 Forward
1 - 100% - 60% - 0:18
2 - 0% - 40% - 0:00
44 Defense
1 - 100% - 60% - 0:18
2 - 0% - 40% - 0:00
Last Minute Offensive  - 0:00
Last Minute Defensive  - 0:00
Total
Forward - 60:18
Defense - 60:18

% Time on Ice - Red Wings

Lines # - Real PCT - Wanted PCT - Time Play
Normal Forward
1 - 33% - 42% - 14:44
2 - 25% - 32% - 11:03
3 - 24% - 18% - 10:32
4 - 18% - 8% - 8:06
Normal Defense
1 - 37% - 40% - 16:17
2 - 34% - 30% - 14:54
3 - 29% - 20% - 12:51
4 - 1% - 10% - 0:23
PP Forward
1 - 53% - 60% - 2:06
2 - 47% - 40% - 1:52
PP Defense
1 - 65% - 60% - 2:34
2 - 35% - 40% - 1:24
PK Forward
1 - 70% - 60% - 8:08
2 - 30% - 40% - 3:29
PK Defense
1 - 55% - 60% - 6:20
2 - 45% - 40% - 5:17
PK3 Forward
1 - 100% - 60% - 0:18
2 - 0% - 40% - 0:00
PK3 Defense
1 - 100% - 60% - 0:18
2 - 0% - 40% - 0:00
44 Forward
1 - 0% - 60%
2 - 0% - 40%
44 Defense
1 - 0% - 60%
2 - 0% - 40%
Last Minute Offensive  - 0:00
Last Minute Defensive  - 0:00
Total
Forward - 60:18
Defense - 60:18

Play by Play

1st period


0:01 of 1st period - Mikko Rantanen wins face-off versus John Tavares in neutral zone.
0:16 of 1st period - Mikko Rantanen is hit by Dion Phaneuf and loses puck.
1:08 of 1st period - Snap shot by Bryan Rust.
1:08 of 1st period - Shot Misses the Net.
1:10 of 1st period - Slapshot by John Klingberg.
1:10 of 1st period - Shot Misses the Net.
1:17 of 1st period - Minor Penalty to Cedric Paquette for Hooking.
1:18 of 1st period - Nick Bonino wins face-off versus Alexander Radulov in Red Wings zone.
1:26 of 1st period - Nick Bonino is hit by Alexander Radulov and loses puck.
1:49 of 1st period - Snap shot by Rick Nash.
1:49 of 1st period - Shot Misses the Net.
2:09 of 1st period - Dylan DeMelo is hit by Alexander Radulov and loses puck.
3:17 of 1st period - Penalty to Cedric Paquette is over, Cedric Paquette is back on ice.
4:23 of 1st period - Joe Thornton is hit by Dion Phaneuf and loses puck.
4:38 of 1st period - Matt Nieto is hit by Jay Beagle.
5:06 of 1st period - Slapshot by Sam Gagner.
5:06 of 1st period - Shot Blocked by John Klingberg.
5:08 of 1st period - Slapshot by Christian Djoos.
5:08 of 1st period - Stopped by Jimmy Howard without a rebound.
5:09 of 1st period - Brandon Dubinsky wins face-off versus Adam Henrique in Stars zone.
5:10 of 1st period - Wrist shot by Sam Gagner.
5:10 of 1st period - Deflect By Brandon Dubinsky.
5:10 of 1st period - Shot Blocked by Greg Pateryn.
5:10 of 1st period - Puck is out of play.
5:11 of 1st period - Brandon Dubinsky wins face-off versus Brian Gionta in Stars zone.
5:28 of 1st period - Wrist shot by Sam Gagner.
5:28 of 1st period - Shot Misses the Net.
5:30 of 1st period - Wrist shot by Jake DeBrusk.
5:30 of 1st period - Shot Blocked by Adam Henrique.
5:32 of 1st period - Slapshot by John Carlson.
5:32 of 1st period - Stopped by Jimmy Howard without a rebound.
5:33 of 1st period - Joe Thornton wins face-off versus John Tavares in Stars zone.
5:42 of 1st period - Wrist shot by Alexander Radulov.
5:42 of 1st period - Stopped by James Reimer with a rebound.
5:44 of 1st period - Slapshot by Kevin Bieksa.
5:44 of 1st period - Stopped by James Reimer with a rebound.
6:27 of 1st period - Slapshot by Christian Djoos.
6:27 of 1st period - Shot Blocked by Patrick Wiercioch.
7:09 of 1st period - Slapshot by Dion Phaneuf.
7:09 of 1st period - Stopped by Jimmy Howard without a rebound.
7:10 of 1st period - Joe Thornton wins face-off versus Lukas Sedlak in Stars zone.
7:17 of 1st period - Snap shot by Cedric Paquette.
7:17 of 1st period - Stopped by Jimmy Howard with a rebound.
8:09 of 1st period - Slapshot by Alexander Radulov.
8:09 of 1st period - Stopped by James Reimer without a rebound.
8:10 of 1st period - John Tavares wins face-off versus Adam Henrique in Red Wings zone.
8:18 of 1st period - Off-side.
8:19 of 1st period - Adam Henrique wins face-off versus John Tavares in neutral zone.
8:24 of 1st period - Snap shot by Adam Henrique.
8:24 of 1st period - Shot Misses the Net.
8:28 of 1st period - Wrist shot by Adam Henrique.
8:28 of 1st period - Stopped by James Reimer with a rebound.
8:30 of 1st period - Wrist shot by Brian Gionta.
8:30 of 1st period - Stopped by James Reimer with a rebound.
8:38 of 1st period - Snap shot by Rick Nash.
8:38 of 1st period - Stopped by James Reimer with a rebound.
8:40 of 1st period - Slapshot by Greg Pateryn.
8:40 of 1st period - Deflect By John Tavares.
8:40 of 1st period - Stopped by James Reimer with a rebound.
8:44 of 1st period - Wrist shot by Rick Nash.
8:44 of 1st period - Stopped by James Reimer without a rebound.
8:45 of 1st period - Brandon Dubinsky wins face-off versus Jay Beagle in Red Wings zone.
9:06 of 1st period - Minor Penalty to Connor Murphy for Roughing.
9:07 of 1st period - Joe Thornton wins face-off versus Nick Bonino in Red Wings zone.
9:14 of 1st period - Snap shot by Joe Thornton.
9:14 of 1st period - Shot Misses the Net.
9:43 of 1st period - Slapshot by Christian Djoos.
9:43 of 1st period - Stopped by Jimmy Howard with a rebound.
9:45 of 1st period - Slapshot by Ben Hutton.
9:45 of 1st period - Stopped by Jimmy Howard without a rebound.
9:46 of 1st period - Nick Bonino wins face-off versus Joe Thornton in Stars zone.
9:47 of 1st period - Snap shot by Cedric Paquette.
9:47 of 1st period - Shot Misses the Net.
9:49 of 1st period - Backhand shot by Nick Bonino.
9:49 of 1st period - Stopped by Jimmy Howard with a rebound.
9:51 of 1st period - Wrist shot by Dylan DeMelo.
9:51 of 1st period - Shot Misses the Net.
9:53 of 1st period - Snap shot by Dion Phaneuf.
9:53 of 1st period - Deflect By Alexander Radulov.
9:53 of 1st period - Stopped by Jimmy Howard with a rebound.
9:55 of 1st period - Slapshot by Dion Phaneuf.
9:55 of 1st period - Deflect By Nick Bonino.
9:55 of 1st period - Stopped by Jimmy Howard with a rebound.
10:15 of 1st period - Wrist shot by Rick Nash.
10:15 of 1st period - Stopped by James Reimer without a rebound.
10:16 of 1st period - Joe Thornton wins face-off versus Nick Bonino in Red Wings zone.
10:51 of 1st period - Slapshot by Adam Henrique.
10:51 of 1st period - Deflect By Rick Nash.
10:51 of 1st period - Shot Misses the Net.
10:51 of 1st period - Puck is out of play.
10:52 of 1st period - Nick Bonino wins face-off versus Alexander Radulov in Red Wings zone.
11:06 of 1st period - Penalty to Connor Murphy is over, Connor Murphy is back on ice.
11:07 of 1st period - Wrist shot by Mikko Rantanen.
11:07 of 1st period - Shot Blocked by Nick Bonino.
12:05 of 1st period - Slapshot by Matt Nieto.
12:05 of 1st period - Stopped by Jimmy Howard with a rebound.
12:15 of 1st period - Slapshot by Alexander Radulov.
12:15 of 1st period - Shot Misses the Net.
12:17 of 1st period - Backhand shot by Mikko Rantanen.
12:17 of 1st period - Goal by Mikko Rantanen - Stars : 1 - Red Wings : 0.
12:18 of 1st period - John Tavares wins face-off versus Joe Thornton in neutral zone.
12:20 of 1st period - Off-side.
12:21 of 1st period - John Tavares wins face-off versus Joe Thornton in neutral zone.
12:50 of 1st period - Slapshot by Connor Brickley.
12:50 of 1st period - Shot Blocked by John Carlson.
12:52 of 1st period - Snap shot by J.T. Compher.
12:52 of 1st period - Shot Blocked by John Tavares.
12:54 of 1st period - Slapshot by John Klingberg.
12:54 of 1st period - Shot Misses the Net.
12:56 of 1st period - Slapshot by Kevin Bieksa.
12:56 of 1st period - Stopped by James Reimer with a rebound.
14:47 of 1st period - Minor Penalty to Dion Phaneuf for Holding.
14:48 of 1st period - Nick Bonino wins face-off versus Joe Thornton in Red Wings zone.
15:29 of 1st period - Cedric Paquette is hit by Kevin Bieksa and loses puck.
15:56 of 1st period - Greg Pateryn is hit by Brandon Dubinsky and loses puck.
16:40 of 1st period - Icing by Joe Thornton.
16:41 of 1st period - Oscar Lindberg wins face-off versus Adam Henrique in Stars zone.
16:46 of 1st period - Wrist shot by David Pastrnak.
16:46 of 1st period - Stopped by Jimmy Howard with a rebound.
16:47 of 1st period - Penalty to Dion Phaneuf is over, Dion Phaneuf is back on ice.
16:54 of 1st period - Snap shot by David Pastrnak.
16:54 of 1st period - Deflect By Dion Phaneuf.
16:54 of 1st period - Shot Hit the Post.
16:54 of 1st period - Puck is out of play.
16:55 of 1st period - John Tavares wins face-off versus J.T. Compher in Stars zone.
17:27 of 1st period - Christian Djoos is hit by Kevin Bieksa and loses puck.
18:05 of 1st period - Minor Penalty to Dion Phaneuf for Close Hand On Puck.
18:06 of 1st period - Nick Bonino wins face-off versus Joe Thornton in Red Wings zone.
18:18 of 1st period - Slapshot by Nick Bonino.
18:18 of 1st period - Goal by Nick Bonino - Stars : 1 - Red Wings : 1.
18:19 of 1st period - Mikko Rantanen wins face-off versus Cedric Paquette in neutral zone.
19:01 of 1st period - Backhand shot by John Klingberg.
19:01 of 1st period - Shot Blocked by Matt Nieto.
Goals for this period are 1 for Stars vs 1 for Red Wings.
Shots for this period are 11 for Stars vs 12 for Red Wings.

2nd period


0:01 of 2nd period - Nick Bonino wins face-off versus Joe Thornton in neutral zone.
0:05 of 2nd period - Penalty to Dion Phaneuf is over, Dion Phaneuf is back on ice.
0:08 of 2nd period - Snap shot by Dion Phaneuf.
0:08 of 2nd period - Deflect By Cedric Paquette.
0:08 of 2nd period - Shot Misses the Net.
0:08 of 2nd period - Puck is out of play.
0:09 of 2nd period - Joe Thornton wins face-off versus Nick Bonino in Stars zone.
0:40 of 2nd period - John Klingberg is hit by Cedric Paquette.
1:02 of 2nd period - Snap shot by Joe Thornton.
1:02 of 2nd period - Stopped by James Reimer with a rebound.
1:04 of 2nd period - Slapshot by John Klingberg.
1:04 of 2nd period - Stopped by James Reimer without a rebound.
1:05 of 2nd period - Adam Henrique wins face-off versus David Pastrnak in Red Wings zone.
1:10 of 2nd period - Slapshot by Rick Nash.
1:10 of 2nd period - Shot Misses the Net.
1:12 of 2nd period - Wrist shot by Rick Nash.
1:12 of 2nd period - Shot Blocked by John Carlson.
1:14 of 2nd period - Snap shot by Rick Nash.
1:14 of 2nd period - Shot Misses the Net.
1:16 of 2nd period - Wrist shot by Rick Nash.
1:16 of 2nd period - Shot Blocked by John Carlson.
1:18 of 2nd period - Snap shot by Rick Nash.
1:18 of 2nd period - Shot Blocked by Ben Hutton.
1:43 of 2nd period - Ben Hutton is hit by Connor Brickley and loses puck.
2:12 of 2nd period - Wrist shot by Cedric Paquette.
2:12 of 2nd period - Stopped by Jimmy Howard without a rebound.
2:13 of 2nd period - Lukas Sedlak wins face-off versus Adam Henrique in Stars zone.
2:40 of 2nd period - Backhand shot by David Pastrnak.
2:40 of 2nd period - Stopped by Jimmy Howard with a rebound.
2:42 of 2nd period - Backhand shot by Christian Djoos.
2:42 of 2nd period - Deflect By Alexander Radulov.
2:42 of 2nd period - Stopped by Jimmy Howard without a rebound.
2:43 of 2nd period - Joe Thornton wins face-off versus Brandon Dubinsky in Stars zone.
3:11 of 2nd period - Off-side.
3:12 of 2nd period - Adam Henrique wins face-off versus Nick Bonino in neutral zone.
3:15 of 2nd period - Dion Phaneuf is hit by Brian Gionta and loses puck.
3:20 of 2nd period - Snap shot by Adam Henrique.
3:20 of 2nd period - Shot Misses the Net.
5:21 of 2nd period - Matt Nieto is hit by Brian Gionta and loses puck.
5:30 of 2nd period - Wrist shot by Adam Henrique.
5:30 of 2nd period - Shot Blocked by Joseph Blandisi.
6:14 of 2nd period - Off-side.
6:15 of 2nd period - Joe Thornton wins face-off versus John Tavares in neutral zone.
6:36 of 2nd period - Dion Phaneuf is hit by Mikko Rantanen and loses puck.
6:43 of 2nd period - Snap shot by David Pastrnak.
6:43 of 2nd period - Shot Hit the Post.
6:45 of 2nd period - Slapshot by Dion Phaneuf.
6:45 of 2nd period - Deflect By Tomas Tatar.
6:45 of 2nd period - Stopped by Jimmy Howard with a rebound.
7:07 of 2nd period - Slapshot by David Pastrnak.
7:07 of 2nd period - Stopped by Jimmy Howard with a rebound.
7:09 of 2nd period - Wrist shot by John Tavares.
7:09 of 2nd period - Shot Misses the Net.
7:11 of 2nd period - Slapshot by Connor Murphy.
7:11 of 2nd period - Shot Blocked by Kevin Bieksa.
7:13 of 2nd period - Snap shot by Connor Murphy.
7:13 of 2nd period - Shot Misses the Net.
7:15 of 2nd period - Wrist shot by Tomas Tatar.
7:15 of 2nd period - Stopped by Jimmy Howard without a rebound.
7:16 of 2nd period - Brandon Dubinsky wins face-off versus Jay Beagle in Stars zone.
7:27 of 2nd period - John Carlson is hit by Jay Beagle and loses puck.
7:47 of 2nd period - Ben Hutton is hit by Bryan Rust and loses puck.
8:02 of 2nd period - Connor Murphy is hit by Connor Brickley and loses puck.
13:21 of 2nd period - Icing by Joseph Blandisi.
13:22 of 2nd period - Joe Thornton wins face-off versus Brandon Dubinsky in Red Wings zone.
14:14 of 2nd period - Snap shot by Nick Bonino.
14:14 of 2nd period - Shot Misses the Net.
14:31 of 2nd period - Backhand shot by Nick Bonino.
14:31 of 2nd period - Stopped by Jimmy Howard with a rebound.
14:33 of 2nd period - Slapshot by Dylan DeMelo.
14:33 of 2nd period - Shot Blocked by Kevin Bieksa.
14:35 of 2nd period - Snap shot by Ben Hutton.
14:35 of 2nd period - Deflect By Connor Brickley.
14:35 of 2nd period - Stopped by Jimmy Howard without a rebound.
14:36 of 2nd period - Adam Henrique wins face-off versus Brandon Dubinsky in Stars zone.
14:40 of 2nd period - Off-side.
14:41 of 2nd period - Tomas Tatar wins face-off versus Adam Henrique in neutral zone.
14:44 of 2nd period - Wrist shot by John Tavares.
14:44 of 2nd period - Shot Misses the Net.
14:46 of 2nd period - Snap shot by Tomas Tatar.
14:46 of 2nd period - Shot Blocked by Brian Gionta.
14:48 of 2nd period - Slapshot by John Carlson.
14:48 of 2nd period - Stopped by Jimmy Howard without a rebound.
14:49 of 2nd period - Joe Thornton wins face-off versus John Tavares in Stars zone.
15:20 of 2nd period - Slapshot by John Tavares.
15:20 of 2nd period - Shot Blocked by Alexander Radulov.
15:22 of 2nd period - Slapshot by John Carlson.
15:22 of 2nd period - Shot Blocked by Alexander Radulov.
15:55 of 2nd period - Slapshot by Tomas Tatar.
15:55 of 2nd period - Shot Misses the Net.
16:00 of 2nd period - Off-side.
16:01 of 2nd period - Jay Beagle wins face-off versus Brandon Dubinsky in neutral zone.
16:27 of 2nd period - Dion Phaneuf is hit by Adam Pelech.
16:35 of 2nd period - Snap shot by Nick Bonino.
16:35 of 2nd period - Stopped by Jimmy Howard with a rebound.
17:35 of 2nd period - Kevin Bieksa is hit by Dylan DeMelo.
17:41 of 2nd period - Snap shot by Nick Bonino.
17:41 of 2nd period - Stopped by Jimmy Howard with a rebound.
18:54 of 2nd period - David Pastrnak is hit by Jay Beagle and loses puck.
19:06 of 2nd period - John Tavares is hit by Connor Brickley.
19:16 of 2nd period - John Carlson is hit by Alexander Radulov.
19:22 of 2nd period - Slapshot by Joe Thornton.
19:22 of 2nd period - Stopped by James Reimer with a rebound.
19:24 of 2nd period - Snap shot by Alexander Radulov.
19:24 of 2nd period - Deflect By Mikko Rantanen.
19:24 of 2nd period - Shot Blocked by Lukas Sedlak.
19:24 of 2nd period - Puck is out of play.
19:25 of 2nd period - Brandon Dubinsky wins face-off versus Joe Thornton in Red Wings zone.
19:38 of 2nd period - Wrist shot by Brandon Dubinsky.
19:38 of 2nd period - Shot Misses the Net.
19:40 of 2nd period - Snap shot by Jake DeBrusk.
19:40 of 2nd period - Shot Blocked by Greg Pateryn.
19:52 of 2nd period - Jay Beagle is hit by Tomas Tatar.
Goals for this period are 0 for Stars vs 0 for Red Wings.
Shots for this period are 3 for Stars vs 11 for Red Wings.

3rd period


0:01 of 3rd period - John Tavares wins face-off versus Joe Thornton in neutral zone.
0:06 of 3rd period - Slapshot by John Tavares.
0:06 of 3rd period - Deflect By David Pastrnak.
0:06 of 3rd period - Stopped by Jimmy Howard without a rebound.
0:07 of 3rd period - Joe Thornton wins face-off versus John Tavares in Stars zone.
0:36 of 3rd period - Snap shot by David Pastrnak.
0:36 of 3rd period - Shot Misses the Net.
0:38 of 3rd period - Slapshot by Connor Murphy.
0:38 of 3rd period - Deflect By David Pastrnak.
0:38 of 3rd period - Stopped by Jimmy Howard without a rebound.
0:39 of 3rd period - Brandon Dubinsky wins face-off versus Connor Brickley in Stars zone.
0:40 of 3rd period - Snap shot by Sam Gagner.
0:40 of 3rd period - Shot Misses the Net.
1:06 of 3rd period - Rick Nash is hit by Matt Nieto and loses puck.
2:37 of 3rd period - Joseph Blandisi is hit by Kevin Bieksa and loses puck.
2:50 of 3rd period - John Tavares is hit by Kevin Bieksa and loses puck.
3:17 of 3rd period - Ben Hutton is hit by Jay Beagle and loses puck.
3:40 of 3rd period - Snap shot by Cedric Paquette.
3:40 of 3rd period - Stopped by Jimmy Howard with a rebound.
3:46 of 3rd period - Minor Penalty to Rick Nash for High sticking.
3:47 of 3rd period - Jay Beagle wins face-off versus John Tavares in Stars zone.
3:47 of 3rd period - Jay Beagle is hit by Tomas Tatar.
4:01 of 3rd period - Wrist shot by John Tavares.
4:01 of 3rd period - Shot Blocked by Bryan Rust.
4:03 of 3rd period - Slapshot by John Tavares.
4:03 of 3rd period - Shot Blocked by Bryan Rust.
4:13 of 3rd period - Sam Gagner is hit by Brian Gionta and loses puck.
4:20 of 3rd period - Daniel Winnik is hit by Brandon Dubinsky and loses puck.
4:41 of 3rd period - Jay Beagle is hit by John Tavares and loses puck.
5:46 of 3rd period - Penalty to Rick Nash is over, Rick Nash is back on ice.
6:24 of 3rd period - Dylan DeMelo is hit by J.T. Compher and loses puck.
6:30 of 3rd period - Minor Penalty to Connor Brickley for Hooking.
6:31 of 3rd period - Jay Beagle wins face-off versus John Tavares in Stars zone.
7:50 of 3rd period - Jay Beagle is hit by Ben Hutton and loses puck.
8:03 of 3rd period - David Pastrnak is hit by Kevin Bieksa and loses puck.
8:10 of 3rd period - Daniel Winnik is hit by John Carlson and loses puck.
8:30 of 3rd period - Penalty to Connor Brickley is over, Connor Brickley is back on ice.
9:01 of 3rd period - Wrist shot by Joe Thornton.
9:01 of 3rd period - Shot Misses the Net.
9:03 of 3rd period - Snap shot by Joe Thornton.
9:03 of 3rd period - Deflect By Connor Brickley.
9:03 of 3rd period - Stopped by James Reimer with a rebound.
9:05 of 3rd period - Wrist shot by Joe Thornton.
9:05 of 3rd period - Shot Blocked by Christian Djoos.
9:07 of 3rd period - Slapshot by Stephen Johns.
9:07 of 3rd period - Stopped by James Reimer with a rebound.
9:12 of 3rd period - Slapshot by Patrick Wiercioch.
9:12 of 3rd period - Shot Blocked by Christian Djoos.
9:14 of 3rd period - Wrist shot by J.T. Compher.
9:14 of 3rd period - Stopped by James Reimer without a rebound.
9:15 of 3rd period - Adam Henrique wins face-off versus Brandon Dubinsky in Red Wings zone.
9:16 of 3rd period - Snap shot by Rick Nash.
9:16 of 3rd period - Shot Misses the Net.
9:28 of 3rd period - Wrist shot by Rick Nash.
9:28 of 3rd period - Shot Misses the Net.
9:56 of 3rd period - Joseph Blandisi is hit by Alexander Radulov.
10:25 of 3rd period - Stephen Johns is hit by Lukas Sedlak and loses puck.
10:38 of 3rd period - Snap shot by David Pastrnak.
10:38 of 3rd period - Stopped by Jimmy Howard without a rebound.
10:39 of 3rd period - Adam Henrique wins face-off versus John Tavares in Stars zone.
10:53 of 3rd period - Backhand shot by John Klingberg.
10:53 of 3rd period - Shot Misses the Net.
13:08 of 3rd period - Off-side.
13:09 of 3rd period - Jay Beagle wins face-off versus John Tavares in neutral zone.
13:36 of 3rd period - Snap shot by Alexander Radulov.
13:36 of 3rd period - Shot Misses the Net.
13:38 of 3rd period - Snap shot by Alexander Radulov.
13:38 of 3rd period - Stopped by James Reimer with a rebound.
13:40 of 3rd period - Wrist shot by John Klingberg.
13:40 of 3rd period - Stopped by James Reimer without a rebound.
13:41 of 3rd period - Brandon Dubinsky wins face-off versus Joe Thornton in Red Wings zone.
13:46 of 3rd period - Slapshot by Dion Phaneuf.
13:46 of 3rd period - Stopped by Jimmy Howard without a rebound.
13:47 of 3rd period - John Tavares wins face-off versus Joe Thornton in Stars zone.
13:54 of 3rd period - Snap shot by David Pastrnak.
13:54 of 3rd period - Shot Misses the Net.
14:18 of 3rd period - Wrist shot by Jay Beagle.
14:18 of 3rd period - Shot Blocked by Connor Murphy.
14:20 of 3rd period - Snap shot by Adam Pelech.
14:20 of 3rd period - Shot Blocked by Dion Phaneuf.
14:22 of 3rd period - Snap shot by Jay Beagle.
14:22 of 3rd period - Shot Blocked by Dion Phaneuf.
14:24 of 3rd period - Slapshot by Greg Pateryn.
14:24 of 3rd period - Stopped by James Reimer with a rebound.
14:34 of 3rd period - Slapshot by Dion Phaneuf.
14:34 of 3rd period - Shot Misses the Net.
15:03 of 3rd period - Slapshot by Jesse Puljujarvi.
15:03 of 3rd period - Deflect By John Klingberg.
15:03 of 3rd period - Shot Blocked by John Klingberg.
15:03 of 3rd period - Puck is out of play.
15:04 of 3rd period - John Tavares wins face-off versus Jay Beagle in Stars zone.
15:09 of 3rd period - Snap shot by John Tavares.
15:09 of 3rd period - Stopped by Jimmy Howard without a rebound.
15:10 of 3rd period - Jay Beagle wins face-off versus Tomas Tatar in Stars zone.
15:10 of 3rd period - Jay Beagle is hit by Tomas Tatar.
15:16 of 3rd period - Backhand shot by Connor Brickley.
15:16 of 3rd period - Shot Misses the Net.
15:44 of 3rd period - Snap shot by Bryan Rust.
15:44 of 3rd period - Deflect By Richard Panik.
15:44 of 3rd period - Stopped by James Reimer with a rebound.
15:46 of 3rd period - Wrist shot by Daniel Winnik.
15:46 of 3rd period - Stopped by James Reimer with a rebound.
15:55 of 3rd period - Off-side.
15:56 of 3rd period - Joe Thornton wins face-off versus Nick Bonino in neutral zone.
15:59 of 3rd period - Dion Phaneuf is hit by Alexander Radulov and loses puck.
16:08 of 3rd period - Wrist shot by Alexander Radulov.
16:08 of 3rd period - Stopped by James Reimer with a rebound.
16:10 of 3rd period - Backhand shot by Joe Thornton.
16:10 of 3rd period - Shot Misses the Net.
16:12 of 3rd period - Slapshot by Kevin Bieksa.
16:12 of 3rd period - Shot Blocked by Dion Phaneuf.
16:18 of 3rd period - Double Minor Penalty to Dion Phaneuf for Slashing.
16:19 of 3rd period - Nick Bonino wins face-off versus Joe Thornton in Red Wings zone.
16:30 of 3rd period - Snap shot by Cedric Paquette.
16:30 of 3rd period - Stopped by Jimmy Howard with a rebound.
16:32 of 3rd period - Wrist shot by Nick Bonino.
16:32 of 3rd period - Deflect By Cedric Paquette.
16:32 of 3rd period - Shot Misses the Net.
16:32 of 3rd period - Puck is out of play.
16:33 of 3rd period - Joe Thornton wins face-off versus Nick Bonino in Stars zone.
16:38 of 3rd period - Wrist shot by Alexander Radulov.
16:38 of 3rd period - Shot Misses the Net.
17:04 of 3rd period - Slapshot by John Klingberg.
17:04 of 3rd period - Deflect By Connor Murphy.
17:04 of 3rd period - Stopped by James Reimer without a rebound.
17:05 of 3rd period - Brandon Dubinsky wins face-off versus Joe Thornton in Red Wings zone.
17:05 of 3rd period - Brandon Dubinsky is hit by Alexander Radulov.
17:13 of 3rd period - Slapshot by Joe Thornton.
17:13 of 3rd period - Shot Misses the Net.
18:00 of 3rd period - Ben Hutton is hit by Mikko Rantanen.
18:53 of 3rd period - Icing by Mikko Rantanen.
18:54 of 3rd period - John Tavares wins face-off versus Joe Thornton in Stars zone.
Goals for this period are 0 for Stars vs 0 for Red Wings.
Shots for this period are 10 for Stars vs 7 for Red Wings.

Overtime #1


0:01 of 1st overtime period - Nick Bonino wins face-off versus Joe Thornton in neutral zone.
0:18 of 1st overtime period - Penalty to Dion Phaneuf is over, Dion Phaneuf is back on ice.
0:31 of 1st overtime period - Slapshot by Stephen Johns.
0:31 of 1st overtime period - Shot Misses the Net.
1:58 of 1st overtime period - Slapshot by Adam Pelech.
1:58 of 1st overtime period - Stopped by James Reimer with a rebound.
2:00 of 1st overtime period - Wrist shot by Richard Panik.
2:00 of 1st overtime period - Shot Blocked by Ben Hutton.
2:02 of 1st overtime period - Snap shot by Adam Pelech.
2:02 of 1st overtime period - Shot Blocked by Ben Hutton.
2:42 of 1st overtime period - Dion Phaneuf is hit by Adam Henrique.
3:45 of 1st overtime period - Ben Hutton is hit by Brian Gionta and loses puck.
3:56 of 1st overtime period - Rick Nash is hit by Dion Phaneuf and loses puck.
4:19 of 1st overtime period - Snap shot by Richard Panik.
4:19 of 1st overtime period - Goal by Richard Panik - Stars : 2 - Red Wings : 1.
Goals for this period are 1 for Stars vs 0 for Red Wings.
Shots for this period are 2 for Stars vs 0 for Red Wings.